 Dungeon Crawl Stone Soup version 0.24.1-14-gf8d2b509d9 (webtiles) character file.

Game seed: 9164453270105977364, levelgen mode: deterministic

0 Chiseanne the Thaumaturge (level 1, -1/13 HPs)
             Began as a Gnoll Wanderer on May 25, 2020.
             Slain by a leopard gecko (2 damage)
             ... on level 1 of the Dungeon.
             The game lasted 00:00:38 (32 turns).

Chiseanne the Thaumaturge (Gnoll Wanderer)            Turns: 32, Time: 00:00:39

Health: -1/13      AC:  2    Str: 16    XL:     1   Next: 10%
Magic:  12/12      EV: 11    Int: 12    God:
Gold:   0          SH:  0    Dex: 14    Spells: 22/22 levels left

rFire    . . .     SeeInvis .   a - +0 club
rCold    . . .     Gourm    .   (no shield)
rNeg     . . .     Faith    .   c - +0 robe
rPois    .         Spirit   .   (no helmet)
rElec    .         Reflect  .   (no cloak)
rCorr    .         Harm     .   (no gloves)
MR       .....                  (no boots)
Stlth    +.........             (no amulet)
HPRegen  0.04/turn              (no ring)
MPRegen  0.13/turn              (no ring)

@: no status effects
A: distributed training, fangs 1, strong nose
a: no special abilities


You were on level 1 of the Dungeon.
You were not hungry.

You visited 1 branch of the dungeon, and saw 1 of its levels.

Inventory:

Hand Weapons
 a - a +0 club (weapon)
Armour
 c - a +0 robe (worn)
Jewellery
 b - a +6 amulet of reflection {unknown}
Wands
 d - a wand of flame (15)
Potions
 e - a potion of brilliance {unknown}
Comestibles
 f - 2 rations


   Skills:
 + Level 0.0 Fighting
 + Level 0.0 Short Blades
 + Level 0.0 Long Blades
 + Level 0.0 Axes
 + Level 0.0 Maces & Flails
 + Level 0.0 Polearms
 + Level 0.0 Staves
 + Level 0.0 Slings
 + Level 0.0 Bows
 + Level 0.0 Crossbows
 + Level 0.0 Throwing
 + Level 0.0 Armour
 + Level 0.0 Dodging
 + Level 0.0 Stealth
 + Level 0.0 Shields
 + Level 0.0 Unarmed Combat
 + Level 11.1 Spellcasting
 + Level 0.0 Conjurations
 + Level 0.0 Hexes
 + Level 0.0 Charms
 + Level 0.0 Summonings
 + Level 1.9 Necromancy
 + Level 0.0 Translocations
 + Level 0.0 Transmutations
 + Level 0.0 Fire Magic
 + Level 1.9 Ice Magic
 + Level 0.0 Air Magic
 + Level 1.9 Earth Magic
 + Level 0.0 Poison Magic
 + Level 0.0 Invocations
 + Level 4.4 Evocations


You had 22 spell levels left.
You didn't know any spells.
Your spell library contained the following spells:

 Spells                   Type           Power        Failure   Level  Hunger
 Corpse Rot               Necr           N/A          8%          2    None
 Sublimation of Blood     Necr           ##........   8%          2    None


Dungeon Overview and Level Annotations

Branches:
Dungeon (1/15)

Altars:


Innate Abilities, Weirdness & Mutations

Your experience applies equally to all skills.
You have very sharp teeth.
Your uncanny sense of smell can sniff out nearby items.


Message History

The bat hits you but does no damage. The bat barely misses you.
You hit the bat but do no damage. The bat misses you.
The bat barely misses you. x2
You miss the bat. Your bite misses the bat. The bat closely misses you.
The bat hits you.
You barely miss the bat. You bite the bat.
The bat is severely wounded.
The bat hits you but does no damage. x2
You hit the bat.
You kill the bat!
The leopard gecko bites you.
You hit the leopard gecko but do no damage.
You bite the leopard gecko.
The leopard gecko is lightly wounded.
The leopard gecko misses you. The leopard gecko bites you.
* * * LOW HITPOINT WARNING * * *
You miss the leopard gecko.
The leopard gecko is lightly wounded.
The leopard gecko bites you.
You die...

#..!.....#
#........#
#.##........#
#.#...(.....#
#.#.........#
#.#.........#
#.#.#gl...###
#.#.#l###.#
###.###.#.#@#
#
.r.....>..#.#
###$###.###.#
.... #.#
#.##.#.#.# #.
#.#.#.# # ...
#.# #.# #.# ∆
...


You could see a leopard gecko, a hobgoblin and a frilled lizard.

Vanquished Creatures
  A bat (D:1)
1 creature vanquished.

Notes
Turn   | Place    | Note
-------+----------+-------------------------------------------
     0 | D:1      | Reached skill level 11 in Spellcasting
     0 | D:1      | Chiseanne the Gnoll Wanderer began the quest for the Orb.
     0 | D:1      | Chiseanne set off with the following items: a +0 club, a +0
                  | robe, a wand of flame (15), a ration; and the following
                  | spells available to memorise: Corpse Rot, Sublimation of
                  | Blood
     0 | D:1      | Reached XP level 1. HP: 13/13 MP: 12/12
    32 | D:1      | Slain by a leopard gecko

Levels and vault maps discovered:
D:1:      psy_arrival_wood_between_worlds, layout_basic

Skill      XL: | |
---------------+-+-----
Spellcasting   | | 11.1
Necromancy     | |  1.9
Ice Magic      | |  1.9
Earth Magic    | |  1.9
Evocations     | |  4.4

Action                   || total
-------------------------++-------
Melee: Club              ||     6
       Bite              ||     2
  Use: Scroll            ||     1
Armor: Robe              ||     3
Dodge: Dodged            ||    11
